Map: Cerulean Fall LE

Players

Grimreaper - Winner!

  • Race: Protoss Protoss
  • Spawn Location: 1:00

VOD

Have the link to the VOD?

Description

Time

  • Played on: Jan. 19, 2019, 8:17 p.m.
  • Length: 20:22
Show
View Real Time Build Order
Export as new Build Order

Grimreaper Protoss - Winner!

Build Orders:  

Get SALT Encoding   

  12  0:04  Probe (Chrono Boost)  
  14  0:21  Probe (Chrono Boost)  
  14  0:28  Pylon  
  14  0:34  Probe (Chrono Boost)  
  15  0:50  Probe (Chrono Boost)  
  16  1:04  Gateway  
  16  1:06  Probe (Chrono Boost)  
  17  1:21  Gateway  
  17  1:59  Nexus  
  17  2:07  Assimilator  
  17  2:25  Cybernetics Core  
  17  2:29  Probe (Chrono Boost)  
  18  2:40  Probe (Chrono Boost)  
  19  2:50  Assimilator  
  19  2:52  Probe (Chrono Boost)  
  20  3:17  Probe (Chrono Boost)  
  21  3:31  Zealot  
  21  3:39  Zealot  
  26  3:40  Pylon  
  26  3:41  Probe (Chrono Boost)  
  26  3:58  Probe (Chrono Boost)  
  27  4:03  Probe (Chrono Boost)  
  28  4:12  Probe (Chrono Boost)  
  28  4:14  Probe (Chrono Boost)  
  30  4:23  Zealot, Probe (Chrono Boost)  
  30  4:26  Probe (Chrono Boost)  
  30  4:29  Zealot  
  36  4:35  Probe (Chrono Boost)  
  37  4:41  Probe (Chrono Boost)  
  37  4:52  Probe (Chrono Boost)  
  37  4:58  Probe (Chrono Boost)  
  39  5:04  Warp Gate  
  40  5:10  Probe (Chrono Boost)  
  40  5:20  Assimilator  
  40  5:23  Assimilator  
  40  5:27  Probe (Chrono Boost)  
  43  5:33  Probe (Chrono Boost)  
  46  5:57  Pylon  
  46  6:00  Pylon  
  46  6:07  Unknown  
  46  6:08  Pylon, Unknown  
  46  6:21  Pylon  
  46  6:24  Probe x2 (Chrono Boost)  
  46  6:26  Pylon  
  53  6:41  Probe (Chrono Boost)  
  53  6:49  Probe (Chrono Boost)  
  54  6:54  Pylon  
  54  6:58  Pylon, Probe (Chrono Boost)  
  55  7:00  Unknown x2  
  55  7:03  Pylon  
  55  7:06  Probe (Chrono Boost)  
  56  7:15  Probe (Chrono Boost)  
  51  7:23  Probe (Chrono Boost)  
  51  7:29  Stalker x2  
  50  7:36  Forge  
  46  7:46  Gateway  
  46  7:49  Gateway  
  42  7:53  Gateway  
  42  8:03  Adept  
  42  8:04  Adept  
  46  8:38  Adept x2  
  46  9:03  Probe (Chrono Boost)  
  46  9:07  Stalker  
  46  9:08  Stalker x2  
  49  9:19  Probe (Chrono Boost)  
  50  9:28  Protoss Ground Weapons Level 1  
  50  9:33  Forge  
  50  9:35  Forge  
  50  9:36  Probe (Chrono Boost)  
  51  9:47  Zealot  
  51  9:48  Zealot x4  
  61  10:01  Nexus  
  61  10:14  Pylon  
  61  10:40  Pylon  
  61  10:43  Pylon  
  61  10:47  Pylon  
  61  10:49  Adept x2  
  65  10:50  Pylon, Adept x3  
  65  10:54  Pylon  
  65  10:57  Pylon  
  71  11:00  Pylon  
  71  11:01  Protoss Ground Armor Level 1  
  71  11:03  Protoss Shields Level 1  
  71  11:04  Pylon  
  71  11:10  Pylon  
  71  11:13  Pylon  
  71  11:21  Stalker x2  
  71  11:22  Stalker x2  
  71  11:23  Stalker  
  81  11:45  Probe (Chrono Boost)  
  81  11:49  Probe (Chrono Boost)  
  83  11:52  Probe (Chrono Boost)  
  83  11:58  Twilight Council  
  85  12:02  Twilight Council, Probe (Chrono Boost)  
  85  12:05  Probe (Chrono Boost)  
  85  12:08  Probe (Chrono Boost)  
  87  12:10  Stargate  
  87  12:11  Stargate  
  87  12:16  Probe (Chrono Boost)  
  87  12:17  Probe (Chrono Boost)  
  87  12:19  Probe (Chrono Boost)  
  89  12:28  Probe x2 (Chrono Boost)  
  90  12:31  Probe (Chrono Boost)  
  90  12:39  Probe (Chrono Boost)  
  93  12:42  Stalker, Probe (Chrono Boost)  
  93  12:43  Stalker x4  
  93  12:46  Probe (Chrono Boost)  
  90  13:03  Probe (Chrono Boost)  
  91  13:33  Probe (Chrono Boost)  
  90  13:47  Nexus  
  76  15:26  Stalker x3  
  76  15:27  Stalker x2  
  86  15:52  Probe (Chrono Boost)  
  87  16:09  Probe (Chrono Boost)  
  88  16:26  Probe (Chrono Boost)  
  85  16:43  Probe (Chrono Boost)  
  83  17:00  Probe (Chrono Boost)  
  79  19:08  Zealot x5  
Tags
 
Add a new tag
Caveats
  • Supply blocks, unpowered buildings, or Contaminate may cause inaccurate times.
  • Supply counts are checked every 10 seconds.